 Dungeon Crawl Stone Soup version 0.30-a0-913-g9934a0ce24 (webtiles) character file.

Game seed: 8825316735219996460

573 DeathPants the Chopper (level 7, -5/60 HPs)
             Began as a Ghoul Gladiator on Mar 19, 2023.
             Slain by a gnoll sergeant
             ... wielding a +5 heavy trident
              (15 damage)
             ... on level 5 of the Dungeon.
             The game lasted 00:08:39 (2756 turns).

DeathPants the Chopper (Ghoul Gladiator)            Turns: 2756, Time: 00:08:40

Health: -5/60      AC: 10    Str: 18    XL:     7   Next: 34%
Magic:  6/6        EV: 15    Int:  3    God:
Gold:   104        SH:  0    Dex: 12    Spells: 6/6 levels left

rFire   . . .      SeeInvis .    a - +0 broad axe
rCold   + . .      Faith    .    (no shield)
rNeg    + + +      Spirit   .    o - +0 scale mail
rPois   ∞          Reflect  .    c - +1 helmet
rElec   .          Rampage  .    e - +1 cloak
rCorr   .                        (no gloves)
Will    .....                    (no boots) Stlth
                                 (no amulet)
HPRegen 0.00/turn                f - +5 ring of evasion
MPRegen 0.10/turn                (no ring)

@: inhibited regen
A: claws 1, cold resistance 1, negative energy resistance 3, inhibited
regeneration, torment resistance 2, devour on kill
a: no special abilities


You were on level 5 of the Dungeon.
You visited 1 branch of the dungeon, and saw 5 of its levels.

You collected 104 gold pieces.

Inventory:

Hand Weapons
 a - a +0 broad axe (weapon)
 d - a +3 quarterstaff of chaos
 r - a +0 flail
 t - a +2 spear of venom
Missiles
 m - 2 poisoned darts (quivered)
 u - a javelin
 v - 2 throwing nets
Armour
 c - a +1 helmet (worn)
 e - a +1 cloak (worn)
 o - a +0 scale mail (worn)
Jewellery
 f - a +5 ring of evasion (left claw)
Wands
 l - a wand of polymorph (8)
Scrolls
 b - a scroll of enchant weapon {unknown}
 j - a scroll of immolation {unknown}
 k - a scroll of acquirement {unknown}
 p - a scroll of blinking {unknown}
 s - a scroll of vulnerability {unknown}
Potions
 g - a potion of might
 h - a potion of invisibility {unknown}
 i - a potion of haste
 n - 2 potions of attraction
 q - a potion of curing


   Skills:
 + Level 4.9 Fighting
 * Level 5.8 Axes
 - Level 1.7 Throwing
 - Level 2.6 Armour
 - Level 2.6 Dodging


You had 6 spell levels left.
You didn't know any spells.
Your spell library was empty.

Dungeon Overview and Level Annotations

Branches:
Dungeon (5/15)
 Temple: D:4-7

Altars:
Qazlal


Innate Abilities, Weirdness & Mutations

You are immune to poison.
You have sharp fingernails.
Your flesh is cold resistant. (rC+)
You are immune to negative energy. (rN+++)
You do not regenerate when monsters are visible.
You are immune to unholy pain and torment.
You thrive by killing the living.


Message History

You start resting.
HP restored.
You climb downwards.
The gnoll sergeant hits you with a +5 heavy trident!
There is a stone staircase leading up here.
You hit the gnoll sergeant but do no damage.
The gnoll sergeant completely misses you.
You barely miss the gnoll sergeant.
The gnoll sergeant hits you with a +5 heavy trident!
You closely miss the gnoll sergeant. The gnoll sergeant closely misses you.
You barely miss the gnoll sergeant. The gnoll sergeant closely misses you.
The gnoll sergeant blocks your attack.
You closely miss the gnoll sergeant. The gnoll sergeant closely misses you.
You hit the gnoll sergeant but do no damage.
The gnoll sergeant hits you with a +5 heavy trident!
The gnoll sergeant blocks your attack.
The gnoll sergeant hits you with a +5 heavy trident!!
* * * LOW HITPOINT WARNING * * *
You hit the gnoll sergeant.
The gnoll sergeant is lightly wounded.
The gnoll sergeant closely misses you.
You slash the gnoll sergeant!
The gnoll sergeant is heavily wounded.
The gnoll sergeant barely misses you.
Throw: 4 darts (poison)
Press: ? - help, Q - select action, (/) - cycle Shift-Dir - straight line, f - gnoll sergeant
Aim: a gnoll sergeant, wielding a +5 heavy trident, wearing a +0 ring mail and wearing a +0 buckler (heavily wounded, 67% to hit)
You throw a poisoned dart.
The poisoned dart hits the gnoll sergeant.
The gnoll sergeant is poisoned.
The gnoll sergeant is heavily wounded.
Throw: 3 darts (poison)
Press: ? - help, Q - select action, (/) - cycle Shift-Dir - straight line, f/p - gnoll sergeant
Aim: a gnoll sergeant, wielding a +5 heavy trident, wearing a +0 ring mail and wearing a +0 buckler (heavily wounded, poisoned, 67% to hit)
You throw a poisoned dart.
The poisoned dart hits the gnoll sergeant.
The gnoll sergeant looks even sicker.
The gnoll sergeant is heavily wounded.
The gnoll sergeant hits you with a +5 heavy trident!
You die... ####### #)@gg.+ #######

You could see a gnoll sergeant (very poisoned) and a gnoll.

Vanquished Creatures
  Grinder (D:3)
  A hound (D:4)
  Crazy Yiuf (D:3)
  2 orc priests
  2 orc wizards
  Ijyb (D:2)
  Terence (D:3)
  3 adders
  7 gnolls
  2 worms
  2 dart slugs
  4 orcs
  5 endoplasms
  2 giant cockroaches
  10 goblins
  2 hobgoblins
  A quokka (D:2)
  4 ball pythons
  4 bats
  2 frilled lizards
  4 kobolds
  4 rats
65 creatures vanquished.

Notes
Turn   | Place    | Note
-------+----------+-------------------------------------------
     0 | D:1      | DeathPants the Ghoul Gladiator began the quest for the Orb.
     0 | D:1      | Reached XP level 1. HP: 17/17 MP: 0/0
    55 | D:2      | Reached skill level 3 in Axes
    55 | D:2      | Reached XP level 2. HP: 19/25 MP: 1/1
   121 | D:1      | Reached XP level 3. HP: 12/30 MP: 2/2
   220 | D:1      | Reached skill level 1 in Armour
   847 | D:2      | Noticed Ijyb
   866 | D:2      | Killed Ijyb
   867 | D:2      | Reached XP level 4. HP: 32/38 MP: 3/3
  1424 | D:2      | Reached skill level 4 in Axes
  1424 | D:2      | Reached XP level 5. HP: 44/45 MP: 4/4
  1725 | D:3      | Noticed Grinder
  1739 | D:3      | Paralysed by Grinder for 3 turns
  1745 | D:3      | Killed Grinder
  1746 | D:3      | Reached skill level 5 in Axes
  1746 | D:3      | Reached XP level 6. HP: 53/53 MP: 5/5
  1882 | D:3      | Reached XP level 7. HP: 54/60 MP: 6/6
  2068 | D:3      | Noticed Terence
  2080 | D:3      | Killed Terence
  2283 | D:3      | Found a runed translucent door.
  2284 | D:3      | Noticed Crazy Yiuf
  2292 | D:3      | Killed Crazy Yiuf
  2445 | D:3      | Found a faded altar of an unknown god.
  2526 | D:4      | Found a stormy altar of Qazlal.
  2608 | D:5      | Entered Level 5 of the Dungeon
  2756 | D:5      | Slain by a gnoll sergeant

Illustrated notes

Levels and vault maps discovered:
D:1:      wheals_arrival_shading, layout_basic, chequers_hall_statues_corner_a,
          minmay_misc_feat_columns
D:2:      kennysheep_the_goblin_king, layout_basic, basic_altar
D:3:      layout_rooms, shapermc_ecumenical_altar_petra, uniq_terence,
          uniq_grinder, uniq_crazy_yiuf_cottage
D:4:      layout_basic, nicolae_qazlal_general_emergency, serial_shops,
          nicolae_lakefront_shop
D:5:      layout_basic, minmay_temple_entry_trees, uniq_sigmund

Skill      XL: |  1  2  3  4  5 |
---------------+----------------+-----
Axes           | 3 4 5 |  5.8
Armour         | 1 2 |  2.6
Fighting       | 3 4 |  4.9
Throwing       | |  1.7
Dodging        | |  2.6

Action                     |  1- 3 |  4- 6 |  7- 9 || total
---------------------------+-------+-------+-------++-------
  Melee: War axe           |    67 |    17 |       ||    84
         Broad axe         |       |    76 |    48 ||   124
         Punch             |       |     2 |       ||     2
  Throw: Throwing net      |       |     3 |     3 ||     6
         Dart              |       |       |     2 ||     2
         Javelin           |       |       |     1 ||     1
    Use: Potion            |     1 |       |       ||     1
         Scroll            |       |     2 |     5 ||     7
   Stab: Held in net/web   |       |       |     1 ||     1
 Armour: Leather armour    |    10 |       |       ||    10
         Ring mail         |    16 |    33 |     2 ||    51
         Scale mail        |       |       |     8 ||     8
  Dodge: Dodged            |    56 |   111 |    35 ||   202

Table legend: (Time is in decaauts)
 A = Elapsed time spent in this place.
 B = Non-inter-level travel time spent in this place.
 C = Inter-level travel time spent in this place.
 D = Time resting spent in this place.
 E = Time spent auto-exploring this place.
 F = Levels seen in this place.
 G = Mean time per level.
                   A        B        C        D        E       F      G
               +--------+--------+--------+--------+--------+-----+--------+
         Total |   2815 |   2709 |    106 |    341 |   1536 |   5 |  563.0 |
       Dungeon |   2815 |   2709 |    106 |    341 |   1536 |   5 |  563.0 |
               +--------+--------+--------+--------+--------+-----+--------+

Top non-repeatable levels by time:
     D:2: 966 daAuts
     D:3: 801 daAuts
     D:1: 752 daAuts
     D:4: 274 daAuts
     D:5: 21 daAuts
